Map: Backcountry

Players

Blubbel - Winner!

  • Race: Terran Terran
  • League: Silver
  • Spawn Location: 9:00

zod - Winner!

  • Race: Protoss Protoss
  • League: Silver
  • Spawn Location: 11:00

MasteroP - Winner!

  • Race: Zerg Zerg
  • Spawn Location: 11:00

Jakob

  • Race: Zerg Zerg
  • Spawn Location: 5:00

Tintin

  • Race: Terran Terran
  • Spawn Location: 5:00

Jerry

  • Race: Protoss Protoss
  • Spawn Location: 5:00

VOD

Have the link to the VOD?

Description

Time

  • Played on: Jan. 10, 2016, 8:39 a.m.
  • Length: 8:23
Show
View Real Time Build Order
Export as new Build Order

Blubbel Terran - Winner!

Build Orders:  

Get SALT Encoding   

  12  0:01  SCV  
  13  0:13  SCV  
  14  0:23  Supply Depot  
  14  0:25  SCV  
  15  0:32  Refinery  
  15  0:44  SCV  
  16  0:50  Barracks  
  16  0:59  SCV  
  17  1:11  SCV  
  18  1:24  SCV  
  19  1:37  Factory  
  19  1:39  Supply Depot  
  20  1:41  Orbital Command  
  19  1:54  Barracks Reactor  
  19  2:08  SCV  
  19  2:15  Supply Depot  
  20  2:21  SCV  
  21  2:25  Refinery  
  21  2:30  Starport  
  21  2:33  SCV  
  22  2:47  Supply Depot, Marine  
  22  2:48  Marine  
  22  2:49  Widow Mine  
  26  2:54  SCV  
  27  3:06  SCV  
  28  3:16  Command Center  
  28  3:26  Medivac  
  30  3:28  Widow Mine  
  32  3:42  SCV  
  32  3:45  Engineering Bay  
  33  3:48  Marine  
  33  3:50  Marine  
  33  3:54  SCV  
  36  4:21  Medivac  
  38  4:26  Widow Mine  
  38  4:28  Marine x2  
  38  4:29  Barracks  
  42  4:46  Marine x2  
  42  4:54  Widow Mine  
  40  5:40  Medivac  
  42  5:43  Barracks Tech Lab  
  42  5:47  Terran Infantry Weapons Level 1  
  42  5:49  SCV  
  43  5:50  Barracks  
  43  6:01  SCV  
  44  6:14  SCV  
  45  6:23  Marine  
  45  6:24  Marine  
  47  6:26  SCV, Factory Reactor  
  47  6:28  Medivac  
  47  6:31  Marauder  
  47  6:32  Combat Shields  
  52  6:38  SCV  
  53  6:41  Marine x2  
  55  6:50  SCV  
  55  6:51  Barracks  
  55  6:52  Barracks Reactor  
  55  6:53  Marauder  
  58  7:02  SCV  
  59  7:14  SCV, Marauder  
  60  7:18  Command Center  
  60  7:26  SCV  
  61  7:33  Marine  
  62  7:41  Supply Depot  
  62  7:42  Supply Depot, Marine  
  62  7:43  Marine  
  62  7:44  Supply Depot  
  62  7:49  Marine  
  62  8:02  Marine x3  
  65  8:08  SCV  
Show
View Real Time Build Order
Export as new Build Order

zod Protoss - Winner!

Build Orders:  

Get SALT Encoding   

  12  0:02  Probe (Chrono Boost)  
  13  0:12  Probe (Chrono Boost)  
  14  0:18  Pylon  
  14  0:24  Probe (Chrono Boost)  
  15  0:36  Probe (Chrono Boost)  
  15  0:40  Gateway  
  16  0:45  Assimilator  
  16  0:47  Probe (Chrono Boost)  
  17  1:08  Gateway  
  17  1:10  Probe (Chrono Boost)  
  18  1:21  Probe (Chrono Boost)  
  18  1:23  Assimilator  
  19  1:30  Cybernetics Core  
  19  1:31  Probe (Chrono Boost)  
  20  1:57  Nexus  
  20  2:02  Probe (Chrono Boost)  
  21  2:09  Adept  
  23  2:24  Pylon  
  23  2:34  Pylon  
  23  2:42  Adept  
  25  2:45  Pylon  
  25  2:48  Adept  
  27  2:51  Warp Gate (Chrono Boost)  
  27  2:57  Probe (Chrono Boost)  
  28  3:07  Probe (Chrono Boost)  
  29  3:14  Stargate  
  29  3:21  Probe x2 (Chrono Boost)  
  31  3:31  Probe (Chrono Boost)  
  31  3:32  Probe (Chrono Boost)  
  33  3:39  Forge  
  33  3:52  Probe x2 (Chrono Boost)  
  35  3:56  Adept x2  
  35  4:00  Oracle  
  42  4:23  Protoss Shields Level 1  
  42  4:28  Robotics Facility  
  42  4:45  Protoss Air Weapons Level 1 (Chrono Boost)  
  42  4:56  Gateway x2  
  42  4:59  Pylon  
  42  5:00  Pylon  
  42  5:02  Pylon  
  40  5:51  Oracle  
  41  6:11  Stargate  
  41  6:12  Stargate  
  41  6:15  Assimilator x2  
  41  6:17  Zealot x2  
  41  6:18  Probe  
  43  6:20  Probe  
  45  6:27  Pylon, Oracle  
  45  6:28  Probe  
  45  6:31  Pylon  
  45  6:32  Probe  
  50  6:34  Photon Cannon  
  50  6:39  Probe  
  50  6:44  Probe, Nexus  
  50  6:46  Assimilator  
  52  6:49  Probe  
  52  6:50  Assimilator  
  53  7:01  Probe  
  53  7:02  Probe  
  53  7:03  Fleet Beacon  
  55  7:11  Probe  
  55  7:14  Probe  
  57  7:22  Probe  
  57  7:26  Probe  
  59  7:30  Zealot x2  
  59  7:31  Zealot x2  
  59  7:32  Probe  
  68  7:38  Probe  
  68  7:43  Probe  
  67  8:11  Stalker x2  
  67  8:12  Stalker x2  
Show
View Real Time Build Order
Export as new Build Order

MasteroP Zerg - Winner!

Build Orders: Pool First 

Get SALT Encoding   

  12  0:01  Drone  
  13  0:13  Overlord  
  13  0:16  Drone  
  14  0:31  Drone x2  
  16  0:39  Drone  
  17  0:46  Spawning Pool  
  16  0:51  Drone  
  16  0:54  Extractor  
  16  0:56  Drone  
  17  1:07  Drone  
  18  1:18  Drone  
  19  1:36  Drone  
  20  1:40  Overlord  
  20  1:46  Hatchery  
  19  1:52  Drone  
  19  1:54  Queen  
  20  2:01  Drone  
  23  2:13  Drone  
  24  2:21  Roach Warren  
  23  2:25  Drone, Extractor  
  23  2:34  Drone  
  24  2:44  Drone  
  25  2:54  Drone  
  26  2:59  Drone  
  27  3:11  Drone x4  
  31  3:17  Lair  
  31  3:22  Queen  
  31  3:25  Drone  
  34  3:31  Overlord  
  34  3:32  Hatchery  
  34  3:34  Drone  
  34  3:42  Drone x2  
  36  3:50  Drone x2  
  38  3:59  Drone  
  38  4:00  Drone  
  40  4:11  Extractor  
  40  4:12  Extractor  
  38  4:20  Drone x2, Spire  
  38  4:21  Drone x4  
  43  4:25  Drone  
  44  4:58  Drone x3  
  44  4:59  Drone x3  
  50  5:01  Overlord x4  
  50  5:18  Queen  
  50  5:21  Overlord x2  
  52  5:23  Overseer  
  52  5:24  Metabolic Boost  
  52  5:38  Mutalisk x6  
  52  5:39  Mutalisk  
  66  5:43  Zerg Flyer Weapons Level 1  
  66  5:52  Hatchery, Extractor  
  64  5:57  Mutalisk, Extractor  
  64  5:58  Mutalisk x2  
  64  6:03  Mutalisk  
  71  6:13  Mutalisk  
  73  6:21  Drone x2  
  75  6:26  Drone x5  
  75  6:27  Drone x6  
  86  6:41  Drone x4  
  86  6:45  Overlord x3  
  90  6:55  Mutalisk x3  
  90  6:56  Mutalisk  
  98  7:11  Mutalisk x4  
  106  7:17  Mutalisk  
  106  7:41  Mutalisk x4  
  114  7:55  Mutalisk x2  
  114  7:56  Mutalisk  
  122  8:06  Drone x3  
Show
View Real Time Build Order
Export as new Build Order

Jakob Zerg 

Build Orders: Pool First 

Get SALT Encoding   

  12  0:03  Drone  
  13  0:09  Drone  
  14  0:18  Overlord  
  14  0:37  Drone x2  
  14  0:41  Overlord  
  16  0:50  Spawning Pool  
  16  0:52  Drone  
  16  0:57  Extractor  
  16  0:59  Drone  
  16  1:10  Drone  
  17  1:24  Drone  
  18  1:36  Drone  
  18  1:37  Hatchery  
  18  1:44  Queen  
  20  2:03  Drone x3  
  23  2:10  Extractor  
  22  2:20  Lair  
  22  2:25  Drone  
  22  2:26  Drone  
  24  2:41  Drone  
  25  2:52  Queen  
  25  2:53  Drone  
  25  2:56  Drone x4  
  32  3:04  Drone  
  33  3:19  Hydralisk Den  
  32  3:26  Drone x2  
  34  3:28  Drone  
  34  3:29  Drone  
  36  3:36  Overlord  
  36  3:37  Overlord x3  
  36  3:48  Infestation Pit  
  36  3:53  Drone  
  36  4:04  Drone x2  
  36  4:05  Drone x4  
  42  4:11  Drone x4  
  42  4:16  Extractor  
  45  4:17  Extractor  
  45  4:18  Drone  
  45  4:28  Hive  
  45  4:43  Spore Crawler  
  45  4:44  Spore Crawler  
  43  4:46  Spore Crawler  
  42  4:55  Spore Crawler  
  42  4:56  Spore Crawler x2  
  42  4:58  Spore Crawler  
  38  5:00  Drone x3  
  38  5:01  Drone  
  23  5:46  Spine Crawler  
  21  6:05  Drone x2  
  21  6:06  Drone  
  24  6:14  Drone, Ultralisk Cavern  
  24  6:15  Drone x5  
  29  6:20  Drone  
  29  6:22  Queen  
  32  6:41  Drone x2  
  34  6:51  Drone  
  35  7:03  Ultralisk x3  
  35  7:06  Ultralisk  
  59  7:09  Ultralisk  
  61  7:35  Hatchery  
  60  7:53  Drone  
  60  7:54  Drone  
  62  8:00  Overlord  
Show
View Real Time Build Order
Export as new Build Order

Tintin Terran 

Build Orders:  

Get SALT Encoding   

  12  0:04  SCV  
  13  0:16  SCV  
  14  0:28  SCV  
  15  0:44  Refinery  
  15  0:51  Supply Depot  
  15  1:07  Supply Depot  
  15  1:13  SCV  
  16  1:27  Barracks  
  16  1:30  SCV  
  17  1:41  Refinery  
  17  1:48  SCV  
  17  1:53  Engineering Bay  
  18  2:00  SCV  
  19  2:12  SCV  
  20  2:16  Barracks Tech Lab  
  20  2:22  Factory  
  20  2:25  Orbital Command  
  20  2:37  Barracks  
  20  2:49  Barracks  
  20  3:06  SCV  
  20  3:10  Engineering Bay  
  21  3:13  Factory Tech Lab  
  21  3:18  Barracks  
  21  3:29  Barracks Reactor  
  21  3:31  Combat Shields  
  21  3:34  SCV  
  21  3:40  Supply Depot  
  22  3:45  Siege Tank  
  22  3:46  SCV  
  22  3:48  Barracks Reactor  
  26  4:01  SCV  
  27  4:03  Starport  
  27  4:07  Supply Depot  
  27  4:13  Terran Infantry Weapons Level 1  
  27  4:24  Terran Infantry Armor Level 1  
  27  4:30  Supply Depot  
  27  4:34  Barracks Reactor  
  27  4:49  Missile Turret  
  27  4:53  Marine x2  
  27  4:54  Marine x2  
  31  5:23  Marine x3  
  31  5:24  Marine  
  31  5:56  Marine x4  
  35  6:09  SCV  
  35  6:14  Starport Reactor  
  35  6:21  SCV  
  36  6:28  Armory  
  36  6:38  Marauder  
  36  6:39  Marine  
  38  6:40  Marine x2  
  38  6:42  Marine  
  42  6:59  Marauder  
  43  7:13  Medivac x2  
  43  7:20  SCV  
  43  7:24  Supply Depot  
  43  7:32  SCV  
  44  7:43  Medivac x2  
Show
View Real Time Build Order
Export as new Build Order

Jerry Protoss 

Build Orders:  

Get SALT Encoding   

  12  0:02  Probe (Chrono Boost)  
  13  0:13  Probe (Chrono Boost)  
  14  0:29  Probe (Chrono Boost)  
  14  0:35  Pylon  
  15  0:39  Assimilator  
  15  0:53  Probe (Chrono Boost)  
  16  1:00  Gateway  
  16  1:04  Gateway  
  16  1:08  Probe (Chrono Boost)  
  17  1:19  Probe (Chrono Boost), Pylon  
  18  1:41  Assimilator  
  18  1:45  Gateway  
  18  1:49  Cybernetics Core  
  18  1:53  Probe (Chrono Boost)  
  19  2:04  Probe (Chrono Boost)  
  20  2:14  Probe (Chrono Boost)  
  21  2:15  Pylon  
  21  2:22  Gateway  
  21  2:35  Robotics Facility  
  21  2:38  Warp Gate (Chrono Boost)  
  21  2:43  Probe  
  22  2:48  Forge  
  22  2:57  Probe  
  23  3:09  Probe  
  24  3:27  Observer  
  24  3:33  Probe  
  26  3:45  Probe  
  26  3:46  Gateway  
  27  3:49  Observer  
  27  3:50  Gateway, Protoss Ground Armor Level 1  
  28  4:00  Probe  
  29  4:06  Nexus  
  29  4:12  Probe  
  30  4:20  Pylon  
  30  4:43  Stalker  
  5  5:23  Probe  
  6  5:34  Probe  
  6  5:35  Probe  
  8  5:44  Probe  
  9  5:55  Probe  
  7  6:03  Probe  
  6  6:15  Probe  
  7  6:27  Probe  
  8  6:39  Probe (Chrono Boost)  
  9  6:51  Probe (Chrono Boost)  
  10  7:02  Probe (Chrono Boost)  
  11  7:12  Probe (Chrono Boost)  
  13  7:23  Probe (Chrono Boost)  
  13  7:33  Probe (Chrono Boost)  
  14  7:41  Stalker  
  14  7:42  Stalker  
  11  7:58  Stalker  
Tags
 
Add a new tag
Caveats
  • Supply blocks, unpowered buildings, or Contaminate may cause inaccurate times.
  • Supply counts are checked every 10 seconds.